 Dungeon Crawl Stone Soup version 0.27-a0-887-gcab673c142 (webtiles) character file.

Game seed: 2712836539646302978

6905 mhtbhm the Cleaver (level 10, -1/90 HPs)
             Began as a Minotaur Fighter on Apr 4, 2021.
             Was an Elder of Okawaru.
             Shot with an arrow by a centaur warrior (4 damage)
             ... on level 10 of the Dungeon.
             The game lasted 00:15:23 (12127 turns).

mhtbhm the Cleaver (Minotaur Fighter)              Turns: 12127, Time: 00:15:23

Health: -1/90      AC: 12    Str: 25    XL:     10   Next: 79%
Magic:  9/9        EV: 10    Int:  5    God:    Okawaru [****..]
Gold:   369        SH: 11    Dex:  9    Spells: 9/9 levels left

rFire    + . .     SeeInvis .   a - +1 war axe (flame)
rCold    . . .     Faith    .   c - +0 kite shield
rNeg     . . .     Spirit   .   b - +2 scale mail {rF+}
rPois    .         Reflect  .   (helmet restricted)
rElec    .         Harm     .   q - scarf {repulsion}
rCorr    .         Rampage  .   v - +1 pair of gloves
Will     .....                  (no boots)
Stlth    ..........             (no amulet)
HPRegen  0.25/turn              (no ring)
MPRegen  0.11/turn              (no ring)

@: mighty, repel missiles
A: horns 2, retaliatory headbutt
a: Renounce Religion, Heroism


You were on level 10 of the Dungeon.
You worshipped Okawaru.
Okawaru was greatly pleased with you.
You visited 2 branches of the dungeon, and saw 11 of its levels.
You also visited: Sewer and Ossuary.

You collected 515 gold pieces.
You spent 146 gold pieces at shops.

Inventory:

Hand Weapons
 a - a +1 war axe of flaming (weapon)
 B - a +5 war axe
Armour
 b - a +2 scale mail of fire resistance (worn)
 c - a +0 kite shield (worn)
 q - a scarf of repulsion (worn)
 v - a +1 pair of gloves (worn)
Jewellery
 u - a ring of fire
 E - a ring of see invisible
Wands
 p - a wand of flame (1)
 x - a wand of digging (5)
Scrolls
 e - a scroll of enchant armour
 f - 6 scrolls of enchant weapon
 j - 6 scrolls of teleportation
 k - 2 scrolls of immolation
 w - 3 scrolls of fog
 y - 2 scrolls of magic mapping
 F - a scroll of identify
Potions
 d - 2 potions of might
 g - 9 potions of curing
 h - 3 potions of lignification
 i - a potion of cancellation
 m - 3 potions of magic
 n - 3 potions of haste
 r - 5 potions of attraction
 s - 6 potions of degeneration {unknown}
 t - 2 potions of ambrosia {unknown}
 z - 2 potions of mutation {unknown}
 A - 2 potions of flight {unknown}
 C - a potion of brilliance {unknown}
 D - a potion of invisibility {unknown}


   Skills:
 + Level 8.7 Fighting
 + Level 12.7 Axes
 + Level 9.0 Armour
 + Level 5.1 Dodging
 + Level 1.7 Stealth
 + Level 8.3 Shields
 + Level 1.0 Evocations


You had 9 spell levels left.
You didn't know any spells.
Your spell library contained the following spells:

 Spells                   Type           Power      Damage    Failure   Level
 Animate Skeleton         Necr           0%         N/A       95%         1
 Corona                   Hex            0%         N/A       95%         1
 Ensorcelled Hibernation  Hex/Ice        0%         N/A       99%         2
 Poisonous Vapours        Pois/Air       0%         N/A       99%         2
 Confusing Touch          Hex            0%         N/A       100%        3
 Conjure Flame            Conj/Fire      0%         6-21      100%        3
 Dazzling Flash           Conj/Hex       0%         N/A       100%        3
 Gell's Gravitas          Tloc           0%         N/A       100%        3
 Mephitic Cloud           Conj/Pois/Air  0%         N/A       100%        3
 Tukima's Dance           Hex            0%         N/A       100%        3
 Cause Fear               Hex            0%         N/A       100%        4
 Dispel Undead            Necr           0%         3d6       100%        4
 Leda's Liquefaction      Hex/Erth       0%         N/A       100%        4
 Petrify                  Tmut/Erth      0%         N/A       100%        4
 Metabolic Englaciation   Hex/Ice        0%         N/A       100%        5
 Silence                  Hex/Air        0%         N/A       100%        5
 Yara's Violent Unravell  Hex/Tmut       0%         3d3       100%        5
 Freezing Cloud           Conj/Ice/Air   0%         6-21      100%        6
 Discord                  Hex            0%         N/A       100%        8


Dungeon Overview and Level Annotations

Branches:
Dungeon (10/15)            Temple (1/1) D:6            Lair (0/6) D:8
  Sewer (visited)         Ossuary (visited)
    Orc: D:9-12

Altars:
Ashenzari
Cheibriados
Dithmenos
Elyvilon
Gozag
Hepliaklqana
Kikubaaqudgha
Makhleb
Nemelex Xobeh
Okawaru
Qazlal
Ru
Sif Muna
Trog
Vehumet
Wu Jian
Xom
Yredelemnul
Zin
The Shining One
Lugonu

Shops:
D:7 (   D:8 =(*


Innate Abilities, Weirdness & Mutations

You have a pair of horns on your head.
You reflexively headbutt those who attack you in melee.


Message History

You slash the centaur warrior! You burn the centaur warrior.
The centaur warrior barely misses you. You block the centaur warrior's attack.
The death knight hits you with a +0 glaive!
* * * LOW HITPOINT WARNING * * *
You block the centaur warrior's attack.
The centaur warrior kicks you but does no damage.
You feel much better.
The death knight hits you with a +0 glaive!!
* * * LOW HITPOINT WARNING * * *
The centaur warrior hits you but does no damage.
You block the centaur warrior's attack.
Unknown command.
You feel much better. The centaur warrior hits you!
The centaur warrior kicks you but does no damage.
The death knight hits you with a +0 glaive!!
* * * LOW HITPOINT WARNING * * *
You block the centaur warrior's attack.
The centaur warrior kicks you but does no damage.
Unknown command.
Okay, then.
Okay, then.
Okay, then.
Blink to where?
Press: ? - help, Dir - move target
As you read the scroll of blinking, it crumbles to dust.
The centaur warrior wields a +0 shortbow.
The centaur warrior shoots an arrow.
The arrow barely misses you.
Aiming: Throw Flame
Press: ? - help, Shift-Dir - straight line, f - death knight
Aim: a death knight, wielding a +0 glaive and wearing a +0 chain mail (heavily wounded, 32% to evade)
The puff of flame hits the death knight.
The death knight is heavily wounded.
The centaur warrior shoots an arrow.
The arrow hits you.
* * * LOW HITPOINT WARNING * * *
Unknown command.
The centaur warrior shoots an arrow.
The arrow hits you!
* * * LOW HITPOINT WARNING * * *
The centaur warrior shoots an arrow.
You block the arrow.
The centaur warrior shoots an arrow.
The arrow hits you.
You die...

#..88..... #p..8.....
#...888... #.....8888
#.#....... ............
#c##########...........
#....##.#..#...........
####...#.>.............
#.##@.###...........
###..## #..........
#...# #.....≈....
###...## ##..).≈≈≈...
#......###......≈....
#....................
#.#..................
###..................
##..................


You could see a centaur warrior.

Vanquished Creatures
  A two-headed ogre (D:10)
  Pikel (D:7)
  Prince Ribbit (D:6)
  A blink frog (shapeshifter) (D:10)
  Sigmund (D:5)
  A wraith (D:9)
  10 yaks
  A vampire mosquito (D:10)
  Duvessa (D:7)
  A water moccasin (D:6)
  2 orc warriors (D:8)
  2 sky beasts (D:6)
  2 black bears
  2 ice beasts
  The ghost of jabarkas the Grasshopper, an amateur PaWr (D:5)
  2 ogres
  2 centaurs
  4 lemures (D:7)
  A phantom (D:5)
  A bullfrog (D:8)
  A gnoll sergeant (D:9)
  A wyvern zombie (D:8)
  2 kobold brigands
  Dowan (D:7)
  A water moccasin zombie (D:6)
  3 scorpions
  3 killer bees (D:8)
  5 wights (D:9)
  4 centaur zombies
  A bullfrog zombie (D:4)
  2 jellies
  2 human zombies (Ossuary)
  2 orc priests (D:6)
  A centaur skeleton (D:7)
  A bullfrog skeleton (D:6)
  2 iguanas (D:7)
  7 orc wizards
  A hell rat (D:7)
  A killer bee zombie (D:5)
  A centaur simulacrum (D:5)
  2 bullfrog simulacra (D:5)
  A scorpion simulacrum (D:5)
  3 mummies (Ossuary)
  5 gnolls (D:9)
  10 adders
  A hound simulacrum (D:5)
  14 river rats
  A howler monkey simulacrum (D:5)
  An ufetubus (D:5)
  An adder skeleton (D:4)
  2 worms (D:3)
  2 dart slugs
  An adder simulacrum (D:5)
  28 orcs
  4 endoplasms
  6 giant cockroaches
  10 goblins
  6 hobgoblins
  12 jackals
  12 kobolds
  6 quokkas
  13 ball pythons
  2 bats (D:1)
  6 frilled lizards
  A goblin zombie (Ossuary)
  3 hobgoblin zombies (Ossuary)
  An orc zombie (Ossuary)
  23 rats
257 creatures vanquished.

Vanquished Creatures (others)
  A demonic plant (Temple)
  4 fungi (D:8)
  5 plants
  10 withered plants (D:4)
20 creatures vanquished.

Grand Total: 277 creatures vanquished

Notes
Turn   | Place    | Note
-------+----------+-------------------------------------------
     0 | D:1      | mhtbhm the Minotaur Fighter began the quest for the Orb.
     0 | D:1      | Reached XP level 1. HP: 19/19 MP: 0/0
    58 | D:1      | Reached XP level 2. HP: 23/27 MP: 1/1
   432 | D:1      | Reached XP level 3. HP: 33/33 MP: 2/2
   469 | D:1      | Found a faded altar of an unknown god.
   954 | D:1      | Reached skill level 3 in Axes
  1121 | D:2      | Identified the Tome of Darkness and Hexes
  2002 | D:3      | Found a glowing drain.
  2005 | D:3      | Reached XP level 4. HP: 37/41 MP: 3/3
  2026 | Sewer    | Entered a sewer
  2164 | Sewer    | Reached skill level 4 in Axes
  2651 | D:3      | Reached skill level 1 in Dodging
  2706 | D:3      | Reached XP level 5. HP: 47/47 MP: 4/4
  3208 | D:3      | Found a shimmering blue altar of Sif Muna.
  3210 | D:3      | Found an opulent altar of Gozag.
  3509 | D:4      | Noticed an ogre
  3515 | D:4      | Killed an ogre
  3516 | D:4      | Reached skill level 5 in Axes
  3516 | D:4      | Reached XP level 6. HP: 35/53 MP: 5/5
  4102 | D:4      | Reached skill level 5 in Armour
  4428 | D:4      | Found an ancient bone altar of Kikubaaqudgha.
  4659 | D:4      | Found a glowing golden altar of the Shining One.
  4710 | D:4      | Found a basalt altar of Yredelemnul.
  5024 | D:5      | Entered Level 5 of the Dungeon
  5154 | D:5      | Reached skill level 5 in Fighting
  5154 | D:5      | Reached skill level 6 in Axes
  5154 | D:5      | Reached XP level 7. HP: 43/61 MP: 6/6
  5418 | D:5      | Noticed jabarkas's ghost (amateur PaWr)
  5457 | D:5      | Found a runed translucent gate.
  5458 | D:5      | Found a runed translucent gate.
  5459 | D:5      | Found a runed translucent gate.
  5747 | D:5      | Found a hazy altar of Hepliaklqana.
  5748 | D:5      | Found a faded altar of an unknown god.
  5748 | D:5      | Noticed Sigmund
  5755 | D:5      | Killed Sigmund
  5756 | D:5      | Reached skill level 5 in Shields
  5881 | D:5      | Killed jabarkas's ghost
  5882 | D:5      | Reached skill level 7 in Axes
  5907 | D:5      | Reached XP level 8. HP: 8/70 MP: 7/7
  6364 | D:6      | Noticed Prince Ribbit
  6376 | D:6      | Killed Prince Ribbit
  6377 | D:6      | Reached skill level 8 in Axes
  6476 | D:6      | Found a staircase to the Ecumenical Temple.
  6500 | Temple   | Entered the Ecumenical Temple
  6707 | Temple   | Became a worshipper of Warmaster Okawaru
  6871 | D:6      | Reached skill level 9 in Axes
  7642 | D:7      | Found Uraqei's Hydra Hut.
  7647 | D:7      | Noticed a five-headed hydra
  7674 | D:7      | Bought a +1 war axe of flaming for 146 gold pieces
  7748 | D:7      | Reached XP level 9. HP: 78/78 MP: 8/8
  7759 | D:7      | Identified the +2 hand axe of the Middle {chaos, rPois}
  7771 | D:7      | Noticed Pikel
  7783 | D:7      | Killed Pikel
  7783 | D:7      | Reached * piety under Okawaru
  7915 | D:7      | Reached skill level 10 in Axes
  8151 | D:7      | Reached ** piety under Okawaru
  8246 | D:7      | Noticed Duvessa
  8246 | D:7      | Noticed Dowan
  8255 | D:7      | Killed Duvessa
  8260 | D:7      | Killed Dowan
  8445 | D:7      | Found a bloodstained altar of Trog.
  8471 | D:7      | Found a snail-covered altar of Cheibriados.
  8625 | D:7      | You fall into a shaft and drop 1 floor!
  8725 | D:8      | Found a staircase to the Lair.
  8757 | D:8      | Found Hiaboec's Jewellery Shoppe.
  8864 | D:8      | Found Bubloesch's Weapon Shoppe.
  8872 | D:8      | Reached skill level 11 in Axes
  8883 | D:8      | Found Dustic's Assorted Antiques.
  8900 | D:8      | Found a sand-covered staircase.
  8904 | Ossuary  | Entered an ossuary
  9724 | D:8      | Reached XP level 10. HP: 86/86 MP: 9/9
  9800 | D:8      | Reached *** piety under Okawaru
  9801 | D:8      | Reached skill level 1 in Stealth
  9805 | D:8      | Found a shadowy altar of Dithmenos.
 11036 | D:9      | Reached **** piety under Okawaru
 11037 | D:9      | Reached skill level 12 in Axes
 11037 | D:9      | Reached skill level 1 in Evocations
 11729 | D:9      | Reached skill level 5 in Dodging
 11924 | D:10     | Entered Level 10 of the Dungeon
 11931 | D:10     | Noticed a two-headed ogre
 11937 | D:10     | Killed a two-headed ogre
 12096 | D:10     | Noticed a centaur warrior
 12099 | D:10     | Noticed a death knight
 12126 | D:10     | HP: 3/90 [centaur warrior/arrow (15)]
 12127 | D:10     | Shot with an arrow by a centaur warrior

Illustrated notes

Levels and vault maps discovered:
D:1:      saegor_arrival_simple_e, layout_loops_corners,
          ebering_ecumenical_altar_webs, minmay_hexomino_u4
D:2:      layout_loops_ring
D:3:      layout_basic, nicolae_overflow_hidden_temple, portal_sewer_entry_b,
          solitary_fountain, solitary_fountain, kennysheep_generic_room_14
D:4:      layout_loops_ring, kiku_gazebo_garden_becter, lemuel_round_altar,
          kennysheep_mini, minmay_quadrilaterals
D:5:      layout_rooms, beargit_hepliaklqana_dungeon_heroes, gammafunk_ghost_icy
D:6:      layout_basic, minmay_temple_entry_arrows, uniq_prince_ribbit1
D:7:      lemuel_ratsnest, layout_basic, trog_book, lemuel_tele_altar,
          doesnt_shop_hydraphobe, uniq_maggie, uniq_pikel, uniq_duvessa
D:8:      layout_cave_pods, nicolae_dithmenos_through_a_glass_darkly,
          grunt_lair_entry_orc_guard_hut, serial_shops, shop,
          nicolae_shop_crystal, shop, enter_ossuary_5
D:9:      layout_basic
D:10:     layout_big_octagon, gammafunk_temple_overflow_pools,
          minmay_misc_feat_rows, minmay_radiant
Temple:   kb_corrupted_temple

Skill      XL: |  1  2  3  4  5  6  7  8  9 10 |
---------------+-------------------------------+-----
Fighting       | 4 5 6 7 8 |  8.7
Shields        | 4 5 7 8 |  8.3
Axes           | 3 4 5 6 7 9 11 12 | 12.7
Armour         | 4 5 6 7 8 9 |  9.0
Dodging        | 1 2 3 4 5 |  5.1
Stealth        | 1 |  1.7
Evocations     | 1 |  1.0

Action                   |  1- 3 |  4- 6 |  7- 9 | 10-12 || total
-------------------------+-------+-------+-------+-------++-------
Melee: War axe           |   106 |   177 |   322 |    82 ||   687
       Headbutt          |    14 |    21 |    59 |    23 ||   117
Evoke: Wand              |       |       |       |     9 ||     9
  Use: Scroll            |     1 |     2 |    12 |     3 ||    18
       Potion            |       |       |     2 |     5 ||     7
Armor: Scale mail        |    49 |    81 |   103 |    49 ||   282
Dodge: Dodged            |    30 |    54 |    90 |    42 ||   216
       Repelled          |       |       |       |     1 ||     1
Block: Kite shield       |    55 |    82 |   162 |    65 ||   364

Table legend: (Time is in decaauts)
 A = Elapsed time spent in this place.
 B = Non-inter-level travel time spent in this place.
 C = Inter-level travel time spent in this place.
 D = Time resting spent in this place.
 E = Time spent auto-exploring this place.
 F = Levels seen in this place.
 G = Mean time per level.
                   A        B        C        D        E       F      G
               +--------+--------+--------+--------+--------+-----+--------+
         Total |  12403 |  12179 |    224 |   2063 |   7580 |  13 |  954.1 |
       Dungeon |  11300 |  11076 |    224 |   2063 |   6796 |  10 | 1130.0 |
        Temple |    252 |    252 |      0 |      0 |    199 |   1 |  252.0 |
         Sewer |    599 |    599 |      0 |      0 |    412 |   1 |  599.0 |
       Ossuary |    250 |    250 |      0 |      0 |    173 |   1 |  250.0 |
               +--------+--------+--------+--------+--------+-----+--------+

Top non-repeatable levels by time:
     D:4: 1673 daAuts
     D:9: 1597 daAuts
     D:5: 1316 daAuts
     D:8: 1243 daAuts
     D:7: 1230 daAuts
     D:1: 1154 daAuts
     D:6: 1096 daAuts
     D:3: 1074 daAuts
     D:2: 711 daAuts
   Sewer: 599 daAuts
  Temple: 252 daAuts
 Ossuary: 250 daAuts
    D:10: 203 daAuts
